Unix NetHack Version 3.7.0-101 Work-in-progress - last build Mar 4 2024 13:34:30 (3c4ac04b664b9ee0831c739617f054b5b60dbfd1,branch:master). Game began 2024-03-17 19:50:38, ended 2024-03-17 21:48:03. Cloudmillion, lawful female human Valkyrie --- -.@| |.M.| |...-- -.. --...---- |..^-- ------.....| |.|..| ..- |..--|.....| |.|-.| ..^| --..--.....| |.|-.- ..-| |.........| |.|... ...-- |..--.....--. --- |.|-... -..| ------........ --.---- |.|--... |..| ----..-..... --.......|.| --.| |.-- |......---)-- ---....--....| |.| .--.| |......| |...------- --.... -...-| |.|. .....| ---...-- |.........------- ....-- ....- |.........---- --..| |....----.....*.-----------...- -...| ---.......| ---- -..-- -----.......).....<.. -..| --..|.--- --- ---------------- --- ------ Cloudmillion the Fighter St:15 Dx:14 Co:18 In:8 Wi:10 Ch:16 Lawful Dlvl:5 $:232 HP:0(67) Pw:17(17) AC:5 Xp:6 T:3193 Latest messages: Crash test dummy bites the killer bee. The killer bee stings Crash test dummy. The killer bee stings! Killer Pony misses the killer bee. Killer Pony misses the killer bee. Crash test dummy misses the killer bee. It misses the killer bee. It bites the killer bee. The killer bee misses it. It bites the killer bee. The killer bee is killed! Crash test dummy bites it. It misses Crash test dummy. It bites Crash test dummy. Crash test dummy misses it. You hear some noises. Please move the cursor to an unknown object. (For instructions type a '?') What do you want to use or apply? [emoru-wBCEFOSUW or ?*] S Improvise? [ynq] (q) y You start playing your bugle. You extract a loud noise from your bugle. The pony turns to flee. You hear some noises in the distance. You swap places with Crash test dummy. You hear some noises. The gnome mummy hits! You hear some noises in the distance. What do you want to use or apply? [emoru-wBCEFOSUW or ?*] S Improvise? [ynq] (q) y You start playing your bugle. You extract a loud noise from your bugle. The gnome mummy hits! You hear some noises. You hear some noises in the distance. Please move the cursor to an unknown object. (For instructions type a '?') You hit the gnome mummy. You hit the gnome mummy. The gnome mummy hits! You miss the gnome mummy. The gnome mummy hits! You miss the gnome mummy. The gnome mummy hits! You die... Do you want your possessions identified? [ynq] (y) y Do you want to see your attributes? [ynq] (y) y Do you want an account of creatures vanquished? [ynaq] (y) y Do you want to see your conduct and achievements? [ynq] (y) y Do you want to see the dungeon overview? [ynq] (y) y Inventory: Coins $ - 232 gold pieces Amulets J - an uncursed amulet of reflection Weapons b - a +0 dagger L - a +0 orcish dagger x - a cursed +0 orcish dagger a - a +1 spear (weapon in right hand) Armor V - a blessed +2 orcish helm k - an uncursed +0 orcish helm (being worn) M - an uncursed +0 pair of high boots c - an uncursed +3 small shield (being worn) Comestibles X - 2 uncursed tins of pickled rock mole meat h - an uncursed egg Scrolls f - an uncursed scroll of confuse monster t - an uncursed scroll of enchant armor n - an uncursed scroll of fire y - 2 blessed scrolls of identify Spellbooks B - an uncursed spellbook of create monster v - a cursed spellbook of force bolt O - an uncursed spellbook of jumping C - an uncursed spellbook of remove curse Potions s - an uncursed potion of fruit juice T - a blessed potion of see invisible g - an uncursed potion of sickness z - an uncursed potion of speed P - an uncursed potion of water Rings D - a cursed -2 ring of protection Q - an uncursed ring of searching R - an uncursed ring of teleport control Wands W - a wand of create monster (0:14) F - a wand of digging (0:4) o - a wand of light (0:14) E - a cursed wand of opening (0:4) Tools w - an empty uncursed oilskin sack S - an uncursed bugle e - an uncursed lock pick u - an uncursed magic whistle U - an uncursed mirror m - an uncursed tin whistle r - an uncursed tin whistle Gems/Stones A - an uncursed citrine stone G - 2 uncursed topaz stones l - an uncursed worthless piece of violet glass j - an uncursed worthless piece of yellow glass Cloudmillion the Valkyrie's attributes: Background: You were a Fighter, a level 6 human Valkyrie. You were lawful, on a mission for Tyr who was opposed by Odin (neutral) and Loki (chaotic). You were right-handed. You were in the Gnomish Mines, on level 5. You entered the dungeon 3193 turns ago. You had 450 experience points, 190 more were needed to attain level 7. Basics: You had 0 out of 67 hit points. You had all 17 energy points (spell power). Your armor class was 5. Your wallet contained 232 zorkmids. Autopickup was off. Final Characteristics: Your strength was 15 (limit:18/100). Your dexterity was 14 (limit:18). Your constitution was 18 (limit:18). Your intelligence was 8 (limit:18). Your wisdom was 10 (limit:18). Your charisma was 16 (limit:18). Final Status: You weren't hungry. You were unencumbered. You were wielding a spear. You were skilled in spear. Final Attributes: You were piously aligned. You were cold resistant. You were telepathic. You were stealthy. You are dead. Miscellaneous: You never encountered a bones level. Total elapsed playing time was 1 hour, 53 minutes and 25 seconds. Major events: Turn 1: Cloudmillion the lawful human Valkyrie entered the dungeon 1004: attained the rank of Skirmisher (level 3) 1151: entered the Gnomish Mines 2947: attained the rank of Fighter (level 6) 3193: killed by a gnome mummy Vanquished creatures: a blue jelly a wood nymph a mountain nymph 2 rock piercers a pony 2 yellow lights a violet fungus a gnome leader a gray ooze a floating eye a dwarf 2 hill orcs a wererat 3 iguanas 11 killer bees 3 coyotes a hobbit 11 gnomes a gnome zombie 3 geckos 8 jackals a fox 3 kobolds 3 goblins 10 grid bugs 5 bats a lichen 4 kobold zombies 4 newts 88 creatures vanquished. No species were genocided or became extinct. Voluntary challenges: You read items or engraved 4 times. You never engraved Elbereth. You never genocided any monsters. You never polymorphed an object. You never changed form. You used no wishes. Achievements: You entered a shop. You attained the rank of Skirmisher. You entered the Gnomish Mines. You attained the rank of Fighter. The Dungeons of Doom: levels 1 to 8 Level 1: A sink, a grave. Level 2: An altar, a fountain, a sink. Level 3: An altar, a grave. Level 4: Stairs down to The Gnomish Mines. Level 5: A fountain. Level 6: Level 7: Level 8: The Gnomish Mines: Level 5: <- You were here. Final resting place for you, killed by a gnome mummy. Game over: ---------- / \ / REST \ / IN \ / PEACE \ / \ | Cloudmillion | | 232 Au | | killed by a | | gnome mummy | | | | | | 2024 | *| * * * | * _________)/\\_//(\/(/\)/\//\/|_)_______ Farvel Cloudmillion the Valkyrie... You died in The Gnomish Mines on dungeon level 5 with 2389 points, and 232 pieces of gold, after 3193 moves. You were level 6 with a maximum of 67 hit points when you died.